Kings vs Sharks
Created - February 24, 2023 at 20:18
Goals
|
| Kings |
1 |
2 |
2 |
5 |
| Sharks |
1 |
1 |
2 |
4 |
|
Shots
|
| Kings |
7 |
17 |
8 |
32 |
| Sharks |
7 |
13 |
10 |
30 |
|
1st period
1. Kings , William Nylander 11 (Mark Fistric 4, Kyle Okposo 9) at 1:59
2. Sharks , Gustav Nyquist 10 (Drew Doughty 33, Brendan Gaunce 10) at 16:16
Penalties :
Daniel Carcillo (S.J) for Slashing (Double Minor) at 4:31
2nd period
3. Kings , Mikko Rantanen 14 (Alexander Kerfoot 23, Jujhar Khaira 9) at 6:18
4. Sharks , Brandon Dubinsky 21 (Joe Pavelski 14, Karl Alzner 9) at 15:32
5. Kings , Logan Couture 10 (Rasmus Ristolainen 26, Jason Pominville 11) at 16:11
Penalties :
No Penalty
3rd period
6. Sharks , Boone Jenner 11 (Ronalds Kenins 22) at 1:49 (PP)
7. Sharks , Drew Doughty 11 (Zach Parise 9, Tyler Cuma 16) at 11:41 (PP)
8. Kings , Ilya Kovalchuk 15 (Auston Matthews 17, Ole-Kristian Tollefsen 4) at 13:43
9. Kings , Mark Fistric 1 (Mitch Marner 16, Jujhar Khaira 10) at 18:48
Penalties :
Kyle Okposo (L.A) for Hooking (Minor) at 1:15, Jason Pominville (L.A) for Holding (Minor) at 3:33, Dion Phaneuf (S.J) for High sticking (Minor) at 8:14, Kyle Clifford (L.A) for Interference (Minor) at 11:29
Goalie Stats
Petr Mrazek (L.A), 26 saves from 30 shots - (0.867), W, 19-12-1, 60:00 minutes
Malcolm Subban (S.J), 27 saves from 32 shots - (0.844), L, 3-4-2, 58:56 minutes
Players Stats for Kings
Player Name G A P +/- PIM S H SB GA TA FO MP PP MP PK MP
------------------------------------------------------------------------------------
Alexander Kerfoot 0 1 1 1 0 3 1 1 0 0 5/14 15:09 2:19 0:00
Auston Matthews 0 1 1 0 0 0 4 0 0 0 6/16 15:32 2:47 0:28
Benoit Pouliot 0 0 0 0 0 0 0 0 1 0 2/2 14:14 0:44 0:25
Ilya Kovalchuk 1 0 1 0 0 3 2 1 0 0 1/1 16:08 0:44 1:45
Jake McCabe 0 0 0 0 0 1 1 1 0 0 0/0 21:41 1:11 0:41
Jason Pominville 0 1 1 1 2 1 0 0 1 1 2/2 12:57 0:26 0:00
Jeff Schultz 0 0 0 0 0 1 2 1 0 0 0/0 26:59 1:37 2:04
Jujhar Khaira 0 2 2 1 0 1 1 0 0 1 1/1 15:09 2:15 0:35
Kyle Clifford 0 0 0 1 2 5 2 1 1 0 0/1 16:35 2:47 0:35
Kyle Okposo 0 1 1 1 2 1 1 0 0 3 5/8 16:08 3:14 0:00
Logan Couture 1 0 1 1 0 3 3 0 0 1 7/14 15:20 0:20 1:42
Mark Fistric 1 1 2 3 0 1 0 2 1 1 0/0 10:38 0:00 0:00
Mikko Rantanen 1 0 1 1 0 1 3 2 0 0 0/0 15:13 2:31 0:00
Mitch Marner 0 1 1 1 0 3 2 0 0 0 0/0 15:19 2:47 0:00
Ole-Kristian Tollefsen 0 1 1 0 0 2 1 1 0 2 0/0 21:20 0:00 2:04
Rasmus Ristolainen 0 1 1 0 0 2 1 0 0 0 0/0 22:21 3:39 0:00
Robert Hagg 0 0 0 3 0 0 1 1 0 0 0/0 11:09 0:00 0:41
William Nylander 1 0 1 1 0 4 0 0 0 0 0/0 15:20 2:29 0:00
Players Stats for Sharks
Player Name G A P +/- PIM S H SB GA TA FO MP PP MP PK MP
------------------------------------------------------------------------------------
Boone Jenner 1 0 1 -1 0 1 1 0 0 0 9/15 13:59 1:11 0:23
Brandon Dubinsky 1 0 1 -3 0 2 1 0 0 0 11/26 23:37 1:34 3:00
Brendan Gaunce 0 1 1 1 0 0 0 0 1 0 2/3 8:24 0:00 0:00
Conor Sheary 0 0 0 0 0 2 2 0 0 0 1/1 10:56 0:00 0:00
Daniel Carcillo 0 0 0 0 4 1 2 0 1 0 0/0 11:37 0:01 0:12
Dion Phaneuf 0 0 0 0 2 1 0 1 0 1 0/0 18:14 0:42 1:19
Drew Doughty 1 1 2 0 0 5 3 0 3 1 0/0 28:36 2:03 3:27
Gustav Nyquist 1 0 1 1 0 3 1 0 1 0 0/0 9:11 0:00 0:46
Joe Pavelski 0 1 1 -3 0 1 1 1 0 0 3/5 23:34 1:33 2:57
Karl Alzner 0 1 1 0 0 0 4 0 1 0 0/0 19:04 0:42 1:49
Loui Eriksson 0 0 0 1 0 1 0 0 0 0 2/2 10:00 0:00 1:08
MacKenzie Weegar 0 0 0 -3 0 0 0 0 0 0 0/0 13:37 0:00 1:12
Markus Nutivaara 0 0 0 -3 0 2 1 0 0 0 0/0 12:20 0:00 0:42
Oscar Sundqvist 0 0 0 0 0 1 1 0 0 1 1/4 10:56 0:00 0:00
Ronalds Kenins 0 1 1 -1 0 6 2 0 1 0 0/0 13:36 1:11 0:00
Tyler Cuma 0 1 1 0 0 1 2 1 0 1 0/0 28:36 2:03 3:27
Wayne Simmonds 0 0 0 -1 0 1 3 0 0 0 1/1 15:21 1:11 1:45
Zach Parise 0 1 1 -3 0 2 3 1 1 0 0/2 22:22 1:34 1:45
3 Stars
1 - Mark Fistric (L.A)
2 - Mikko Rantanen (L.A)
3 - Drew Doughty (S.J)
Power Play
Kings - 0 on 3 Attempt(s) - 0.00%
Sharks - 2 on 3 Attempt(s) - 66.67%
Penalty Kill
Kings - 1 on 3 Attempt(s) - 33.33%
- Score 0 goal in Penalty Kill
Sharks - 3 on 3 Attempt(s) - 100.00%
- Score 0 goal in Penalty Kill
Team Stat
Kings - Hits : 25 - Faceoff Wins : 29 - Blocked Shots : 11 - Penalty Minutes : 6
Sharks - Hits : 27 - Faceoff Wins : 30 - Blocked Shots : 4 - Penalty Minutes : 6
Official
Referees : Frederick L'Ecuyer and Justin St. Pierre
Linesman : Travis Gawryletz and Ryan Galloway
Game Notes
No Game Note
Finance
Level 1 -- Attendance: 6000 (100.00%) -- Ticket Income $600,000
Level 2 -- Attendance: 4381 (87.62%) -- Ticket Income $262,860
Level 3 -- Attendance: 1807 (90.35%) -- Ticket Income $63,245
Level 4 -- Attendance: 3788 (94.70%) -- Ticket Income $94,700
Luxury Box -- Attendance: 1000 (100.00%) -- Ticket Income $200,000
Game was played at the SAP Center.
Total Attendance: 16976 (94.31%)
Total Ticket Income: $1,220,805
Other Income: $183,121
Total Income: $1,403,926
Kings
5 vs 5 Forward
Center Left Wing Right Wing Time % Phy DF OF
1 Logan Couture Kyle Clifford Jason Pominville 25 2 2 1
2 Auston Matthews Benoit Pouliot Ilya Kovalchuk 25 1 2 2
3 Alexander Kerfoot Jujhar Khaira Mikko Rantanen 25 1 2 2
4 Kyle Okposo William Nylander Mitch Marner 25 1 2 2
5 vs 5 Defense
Defense Defense Time % Phy DF OF
1 Jake McCabe Jeff Schultz 40 1 3 1
2 Ole-Kristian Tollefsen Rasmus Ristolainen 40 1 3 1
3 Mark Fistric Robert Hagg 15 1 3 1
4 Jeff Schultz Mark Fistric 5 1 3 1
PowerPlay Forward
Center Left Wing Right Wing Time % Phy DF OF
1 Auston Matthews Kyle Clifford Mitch Marner 50 0 1 4
2 Alexander Kerfoot William Nylander Mikko Rantanen 50 0 1 4
PowerPlay Defense
Defense Defense Time % Phy DF OF
1 Kyle Okposo Rasmus Ristolainen 70 0 2 3
2 Jeff Schultz Jujhar Khaira 30 0 3 2
Penalty Kill 4 Players Forward
Center Wing Time % Phy DF OF
1 Logan Couture Ilya Kovalchuk 60 0 4 1
2 Jason Pominville Jujhar Khaira 40 0 4 1
Penalty Kill 4 Players Defense
Defense Defense Time % Phy DF OF
1 Ole-Kristian Tollefsen Jeff Schultz 60 1 4 0
2 Jake McCabe Robert Hagg 40 1 4 0
Penalty Kill - 3 Players Forward
Forward Time % Phy DF OF
1 Logan Couture 60 1 2 2
2 Jujhar Khaira 40 1 2 2
Penalty Kill - 3 Players Defense
Defense Defense Time % Phy DF OF
1 Ole-Kristian Tollefsen Jeff Schultz 60 1 2 2
2 Robert Hagg Jake McCabe 40 1 2 2
4 vs 4 Forward
Center Wing Time % Phy DF OF
1 Auston Matthews Kyle Clifford 60 1 2 2
2 Logan Couture Mikko Rantanen 40 1 2 2
4 vs 4 Defense
Defense Defense Time % Phy DF OF
1 Jake McCabe Jeff Schultz 60 1 2 2
2 Robert Hagg Rasmus Ristolainen 40 1 2 2
Last Minutes Offensive
Center Left Wing Right Wing Defense Defense
Auston Matthews Kyle Clifford Mikko Rantanen Jake McCabe Rasmus Ristolainen
Last Minutes Defensive
Center Left Wing Right Wing Defense Defense
Logan Couture Kyle Clifford Ilya Kovalchuk Robert Hagg Jeff Schultz
Goaltenders
Starting : Petr Mrazek
Backup : Thomas McCollum
Extra Forwards
Normal : Kyle Clifford, Jujhar Khaira, William Nylander - PP : Benoit Pouliot, Ilya Kovalchuk - PK : Kyle Clifford
Extra Defensemen
Normal : Rasmus Ristolainen, Jake McCabe, Jeff Schultz - PP : Jake McCabe - PK : Mark Fistric, Rasmus Ristolainen
Penalty Shots
Ilya Kovalchuk, Benoit Pouliot, Mikko Rantanen, Logan Couture, Auston Matthews
Scratches
Darnell Nurse (Healthy), Drew Stafford (Healthy), Peter Regin (Healthy)
Sharks
5 vs 5 Forward
Center Left Wing Right Wing Time % Phy DF OF
1 Brandon Dubinsky Zach Parise Joe Pavelski 40 1 2 2
2 Boone Jenner Ronalds Kenins Wayne Simmonds 30 1 2 2
3 Oscar Sundqvist Daniel Carcillo Conor Sheary 20 1 2 2
4 Brendan Gaunce Gustav Nyquist Loui Eriksson 10 1 2 2
5 vs 5 Defense
Defense Defense Time % Phy DF OF
1 Drew Doughty Tyler Cuma 40 1 2 2
2 Dion Phaneuf Karl Alzner 30 1 2 2
3 Markus Nutivaara MacKenzie Weegar 20 1 2 2
4 Drew Doughty Tyler Cuma 10 1 2 2
PowerPlay Forward
Center Left Wing Right Wing Time % Phy DF OF
1 Brandon Dubinsky Zach Parise Joe Pavelski 60 1 2 2
2 Boone Jenner Ronalds Kenins Wayne Simmonds 40 1 2 2
PowerPlay Defense
Defense Defense Time % Phy DF OF
1 Drew Doughty Tyler Cuma 60 1 2 2
2 Dion Phaneuf Karl Alzner 40 1 2 2
Penalty Kill 4 Players Forward
Center Wing Time % Phy DF OF
1 Joe Pavelski Brandon Dubinsky 60 1 4 0
2 Zach Parise Wayne Simmonds 40 1 4 0
Penalty Kill 4 Players Defense
Defense Defense Time % Phy DF OF
1 Drew Doughty Tyler Cuma 60 1 4 0
2 Dion Phaneuf Karl Alzner 40 1 4 0
Penalty Kill - 3 Players Forward
Forward Time % Phy DF OF
1 Joe Pavelski 60 1 4 0
2 Brandon Dubinsky 40 1 4 0
Penalty Kill - 3 Players Defense
Defense Defense Time % Phy DF OF
1 Drew Doughty Tyler Cuma 60 1 4 0
2 Dion Phaneuf Karl Alzner 40 1 4 0
4 vs 4 Forward
Center Wing Time % Phy DF OF
1 Joe Pavelski Brandon Dubinsky 60 1 2 2
2 Zach Parise Wayne Simmonds 40 1 2 2
4 vs 4 Defense
Defense Defense Time % Phy DF OF
1 Drew Doughty Tyler Cuma 60 1 2 2
2 Dion Phaneuf Karl Alzner 40 1 2 2
Last Minutes Offensive
Center Left Wing Right Wing Defense Defense
Brandon Dubinsky Zach Parise Joe Pavelski Drew Doughty Tyler Cuma
Last Minutes Defensive
Center Left Wing Right Wing Defense Defense
Brandon Dubinsky Zach Parise Joe Pavelski Drew Doughty Tyler Cuma
Goaltenders
Starting : Malcolm Subban
Backup : Philipp Grubauer
Extra Forwards
Normal : Daniel Carcillo, Conor Sheary, Loui Eriksson - PP : Daniel Carcillo, Conor Sheary - PK : Loui Eriksson
Extra Defensemen
Normal : Markus Nutivaara, MacKenzie Weegar, Dion Phaneuf - PP : Markus Nutivaara - PK : MacKenzie Weegar, Dion Phaneuf
Penalty Shots
Joe Pavelski, Brandon Dubinsky, Zach Parise, Wayne Simmonds, Ronalds Kenins
Scratches
Arturs Kulda (Healthy), Marek Svatos (Healthy), Mike Lundin (Healthy)
% Time on Ice - Kings
Lines # - Real PCT - Wanted PCT - Time Play
Normal Forward
1 - 25% - 25% - 12:24
2 - 26% - 25% - 12:51
3 - 25% - 25% - 12:19
4 - 25% - 25% - 12:32
Normal Defense
1 - 42% - 40% - 20:53
2 - 37% - 40% - 18:35
3 - 18% - 15% - 9:08
4 - 3% - 5% - 1:30
PP Forward
1 - 51% - 50% - 3:03
2 - 49% - 50% - 2:55
PP Defense
1 - 62% - 70% - 3:43
2 - 38% - 30% - 2:15
PK Forward
1 - 79% - 60% - 2:10
2 - 21% - 40% - 0:35
PK Defense
1 - 75% - 60% - 2:04
2 - 25% - 40% - 0:41
PK3 Forward
1 - 0% - 60%
2 - 0% - 40%
PK3 Defense
1 - 0% - 60%
2 - 0% - 40%
44 Forward
1 - 0% - 60%
2 - 0% - 40%
44 Defense
1 - 0% - 60%
2 - 0% - 40%
Last Minute Offensive - 0:00
Last Minute Defensive - 1:11
Total
Forward - 60:00
Defense - 60:00
|
% Time on Ice - Sharks
Lines # - Real PCT - Wanted PCT - Time Play
Normal Forward
1 - 37% - 40% - 18:21
2 - 25% - 30% - 12:25
3 - 22% - 20% - 10:56
4 - 17% - 10% - 8:24
Normal Defense
1 - 39% - 40% - 19:26
2 - 33% - 30% - 16:33
3 - 23% - 20% - 11:38
4 - 5% - 10% - 2:29
PP Forward
1 - 57% - 60% - 1:34
2 - 43% - 40% - 1:11
PP Defense
1 - 75% - 60% - 2:03
2 - 25% - 40% - 0:42
PK Forward
1 - 71% - 60% - 4:13
2 - 29% - 40% - 1:45
PK Defense
1 - 58% - 60% - 3:27
2 - 42% - 40% - 2:31
PK3 Forward
1 - 0% - 60%
2 - 0% - 40%
PK3 Defense
1 - 0% - 60%
2 - 0% - 40%
44 Forward
1 - 0% - 60%
2 - 0% - 40%
44 Defense
1 - 0% - 60%
2 - 0% - 40%
Last Minute Offensive - 1:11
Last Minute Defensive - 0:00
Total
Forward - 60:00
Defense - 60:00
|
Play-by-Play
1st period
0:01 of 1st period - Logan Couture wins face-off versus Brandon Dubinsky in neutral zone.
0:12 of 1st period - Slapshot by Logan Couture.
0:12 of 1st period - Stopped by Malcolm Subban with a rebound.
0:16 of 1st period - Snap shot by Kyle Clifford.
0:16 of 1st period - Stopped by Malcolm Subban with a rebound.
0:56 of 1st period - Slapshot by Dion Phaneuf.
0:56 of 1st period - Shot Blocked by Ole-Kristian Tollefsen.
1:55 of 1st period - Snap shot by William Nylander.
1:55 of 1st period - Stopped by Malcolm Subban with a rebound.
1:57 of 1st period - Snap shot by Kyle Okposo.
1:57 of 1st period - Stopped by Malcolm Subban with a rebound.
1:59 of 1st period - Slapshot by Mark Fistric.
1:59 of 1st period - Deflect By William Nylander.
1:59 of 1st period - Goal by William Nylander - Kings : 1 - Sharks : 0.
2:00 of 1st period - Wayne Simmonds wins face-off versus Logan Couture in neutral zone.
3:24 of 1st period - Snap shot by Alexander Kerfoot.
3:24 of 1st period - Stopped by Malcolm Subban without a rebound.
3:25 of 1st period - Brandon Dubinsky wins face-off versus Auston Matthews in Sharks zone.
4:25 of 1st period - Snap shot by William Nylander.
4:25 of 1st period - Shot Blocked by Dion Phaneuf.
4:31 of 1st period - Double Minor Penalty to Daniel Carcillo for Slashing.
4:32 of 1st period - Joe Pavelski wins face-off versus Auston Matthews in Sharks zone.
7:18 of 1st period - Jeff Schultz is hit by Wayne Simmonds and loses puck.
7:37 of 1st period - Loui Eriksson is hit by Jujhar Khaira and loses puck.
8:16 of 1st period - Drew Doughty is hit by Logan Couture and loses puck.
8:31 of 1st period - Penalty to Daniel Carcillo is over, Daniel Carcillo is back on ice.
9:16 of 1st period - Kyle Clifford is hit by Boone Jenner and loses puck.
10:03 of 1st period - William Nylander is hit by Wayne Simmonds.
10:23 of 1st period - Mikko Rantanen is hit by Drew Doughty and loses puck.
11:03 of 1st period - Kyle Okposo is hit by Conor Sheary and loses puck.
11:36 of 1st period - Off-side.
11:37 of 1st period - Loui Eriksson wins face-off versus Auston Matthews in neutral zone.
12:28 of 1st period - Wrist shot by Ronalds Kenins.
12:28 of 1st period - Stopped by Petr Mrazek without a rebound.
12:29 of 1st period - Brandon Dubinsky wins face-off versus Alexander Kerfoot in Kings zone.
12:30 of 1st period - Snap shot by Zach Parise.
12:30 of 1st period - Stopped by Petr Mrazek with a rebound.
13:22 of 1st period - Snap shot by Conor Sheary.
13:22 of 1st period - Stopped by Petr Mrazek without a rebound.
13:23 of 1st period - Brandon Dubinsky wins face-off versus Alexander Kerfoot in Kings zone.
13:23 of 1st period - Drew Doughty is hit by Ole-Kristian Tollefsen and loses puck.
13:44 of 1st period - Zach Parise is hit by Alexander Kerfoot and loses puck.
14:47 of 1st period - Icing by Jeff Schultz.
14:48 of 1st period - Auston Matthews wins face-off versus Brendan Gaunce in Kings zone.
14:53 of 1st period - Karl Alzner is hit by Jeff Schultz.
15:01 of 1st period - Snap shot by Brendan Gaunce.
15:01 of 1st period - Shot Misses the Net.
15:03 of 1st period - Snap shot by Karl Alzner.
15:03 of 1st period - Shot Blocked by Jeff Schultz.
16:04 of 1st period - Slapshot by Brendan Gaunce.
16:04 of 1st period - Deflect By Loui Eriksson.
16:04 of 1st period - Stopped by Petr Mrazek with a rebound.
16:06 of 1st period - Slapshot by Tyler Cuma.
16:06 of 1st period - Stopped by Petr Mrazek with a rebound.
16:14 of 1st period - Wrist shot by Gustav Nyquist.
16:14 of 1st period - Stopped by Petr Mrazek with a rebound.
16:16 of 1st period - Wrist shot by Gustav Nyquist.
16:16 of 1st period - Goal by Gustav Nyquist - Kings : 1 - Sharks : 1.
16:17 of 1st period - Brandon Dubinsky wins face-off versus Alexander Kerfoot in neutral zone.
16:20 of 1st period - Wrist shot by Joe Pavelski.
16:20 of 1st period - Shot Blocked by Mikko Rantanen.
16:22 of 1st period - Slapshot by Karl Alzner.
16:22 of 1st period - Shot Misses the Net.
16:24 of 1st period - Snap shot by Zach Parise.
16:24 of 1st period - Shot Misses the Net.
16:32 of 1st period - Wrist shot by Brandon Dubinsky.
16:32 of 1st period - Shot Misses the Net.
16:51 of 1st period - Icing by Ole-Kristian Tollefsen.
16:52 of 1st period - Brandon Dubinsky wins face-off versus Kyle Okposo in Kings zone.
16:55 of 1st period - Slapshot by Zach Parise.
16:55 of 1st period - Shot Misses the Net.
17:41 of 1st period - Mikko Rantanen is hit by Daniel Carcillo and loses puck.
18:33 of 1st period - Wrist shot by Kyle Clifford.
18:33 of 1st period - Stopped by Malcolm Subban with a rebound.
18:51 of 1st period - Wrist shot by Mikko Rantanen.
18:51 of 1st period - Shot Misses the Net.
18:57 of 1st period - Alexander Kerfoot is hit by Ronalds Kenins and loses puck.
19:24 of 1st period - Dion Phaneuf is hit by Kyle Okposo.
19:36 of 1st period - Zach Parise is hit by Ilya Kovalchuk and loses puck.
19:54 of 1st period - Off-side.
19:55 of 1st period - Brendan Gaunce wins face-off versus Logan Couture in neutral zone.
Goals for this period are 1 for Kings vs 1 for Sharks.
Shots for this period are 7 for Kings vs 7 for Sharks.
2nd period
0:01 of 2nd period - Logan Couture wins face-off versus Brandon Dubinsky in neutral zone.
1:14 of 2nd period - Loui Eriksson is hit by Auston Matthews and loses puck.
1:37 of 2nd period - Robert Hagg is hit by Joe Pavelski.
1:58 of 2nd period - Wrist shot by Ronalds Kenins.
1:58 of 2nd period - Stopped by Petr Mrazek with a rebound.
2:00 of 2nd period - Slapshot by Markus Nutivaara.
2:00 of 2nd period - Shot Blocked by Robert Hagg.
2:02 of 2nd period - Slapshot by Markus Nutivaara.
2:02 of 2nd period - Stopped by Petr Mrazek with a rebound.
2:04 of 2nd period - Wrist shot by Ronalds Kenins.
2:04 of 2nd period - Shot Blocked by Mark Fistric.
2:22 of 2nd period - Jeff Schultz is hit by Conor Sheary and loses puck.
2:51 of 2nd period - Slapshot by Jason Pominville.
2:51 of 2nd period - Stopped by Malcolm Subban without a rebound.
2:52 of 2nd period - Boone Jenner wins face-off versus Alexander Kerfoot in Sharks zone.
4:07 of 2nd period - Wrist shot by William Nylander.
4:07 of 2nd period - Stopped by Malcolm Subban with a rebound.
4:09 of 2nd period - Snap shot by Jake McCabe.
4:09 of 2nd period - Deflect By Drew Doughty.
4:09 of 2nd period - Stopped by Malcolm Subban with a rebound.
4:54 of 2nd period - Snap shot by William Nylander.
4:54 of 2nd period - Stopped by Malcolm Subban without a rebound.
4:55 of 2nd period - Alexander Kerfoot wins face-off versus Brandon Dubinsky in Sharks zone.
5:27 of 2nd period - Wrist shot by Jujhar Khaira.
5:27 of 2nd period - Stopped by Malcolm Subban with a rebound.
5:29 of 2nd period - Snap shot by Jujhar Khaira.
5:29 of 2nd period - Shot Misses the Net.
6:18 of 2nd period - Slapshot by Mikko Rantanen.
6:18 of 2nd period - Goal by Mikko Rantanen - Kings : 2 - Sharks : 1.
6:19 of 2nd period - Boone Jenner wins face-off versus Logan Couture in neutral zone.
6:24 of 2nd period - Backhand shot by Drew Doughty.
6:24 of 2nd period - Deflect By Wayne Simmonds.
6:24 of 2nd period - Shot Hit the Post.
6:24 of 2nd period - Puck is out of play.
6:25 of 2nd period - Logan Couture wins face-off versus Boone Jenner in Kings zone.
6:25 of 2nd period - Logan Couture is hit by Tyler Cuma.
6:37 of 2nd period - Snap shot by Wayne Simmonds.
6:37 of 2nd period - Shot Misses the Net.
6:51 of 2nd period - Wrist shot by Ole-Kristian Tollefsen.
6:51 of 2nd period - Shot Blocked by Tyler Cuma.
7:50 of 2nd period - Snap shot by Joe Pavelski.
7:50 of 2nd period - Shot Blocked by Ilya Kovalchuk.
8:15 of 2nd period - Wrist shot by Ronalds Kenins.
8:15 of 2nd period - Shot Blocked by Alexander Kerfoot.
8:17 of 2nd period - Slapshot by Dion Phaneuf.
8:17 of 2nd period - Shot Blocked by Mikko Rantanen.
8:59 of 2nd period - Backhand shot by Oscar Sundqvist.
8:59 of 2nd period - Stopped by Petr Mrazek with a rebound.
9:09 of 2nd period - Zach Parise is hit by Robert Hagg and loses puck.
9:16 of 2nd period - Wrist shot by Alexander Kerfoot.
9:16 of 2nd period - Shot Misses the Net.
9:18 of 2nd period - Slapshot by Rasmus Ristolainen.
9:18 of 2nd period - Deflect By Alexander Kerfoot.
9:18 of 2nd period - Shot Misses the Net.
9:18 of 2nd period - Puck is out of play.
9:19 of 2nd period - Boone Jenner wins face-off versus Auston Matthews in Sharks zone.
9:33 of 2nd period - Slapshot by Rasmus Ristolainen.
9:33 of 2nd period - Deflect By Ilya Kovalchuk.
9:33 of 2nd period - Stopped by Malcolm Subban without a rebound.
9:34 of 2nd period - Jason Pominville wins face-off versus Brandon Dubinsky in Sharks zone.
9:35 of 2nd period - Wrist shot by Kyle Clifford.
9:35 of 2nd period - Stopped by Malcolm Subban with a rebound.
9:47 of 2nd period - Wrist shot by Brandon Dubinsky.
9:47 of 2nd period - Stopped by Petr Mrazek without a rebound.
9:48 of 2nd period - Auston Matthews wins face-off versus Brandon Dubinsky in Kings zone.
9:48 of 2nd period - Auston Matthews is hit by Brandon Dubinsky.
9:54 of 2nd period - Slapshot by Rasmus Ristolainen.
9:54 of 2nd period - Stopped by Malcolm Subban without a rebound.
9:55 of 2nd period - Auston Matthews wins face-off versus Brandon Dubinsky in Sharks zone.
9:55 of 2nd period - Auston Matthews is hit by Tyler Cuma.
10:25 of 2nd period - Wrist shot by Kyle Clifford.
10:25 of 2nd period - Stopped by Malcolm Subban without a rebound.
10:26 of 2nd period - Boone Jenner wins face-off versus Logan Couture in Sharks zone.
10:26 of 2nd period - Boone Jenner is hit by Kyle Clifford.
10:32 of 2nd period - Wrist shot by Ronalds Kenins.
10:32 of 2nd period - Shot Blocked by Jake McCabe.
10:34 of 2nd period - Slapshot by Dion Phaneuf.
10:34 of 2nd period - Stopped by Petr Mrazek without a rebound.
10:35 of 2nd period - Benoit Pouliot wins face-off versus Boone Jenner in Kings zone.
10:46 of 2nd period - Wrist shot by Ilya Kovalchuk.
10:46 of 2nd period - Stopped by Malcolm Subban with a rebound.
10:54 of 2nd period - Snap shot by Ronalds Kenins.
10:54 of 2nd period - Stopped by Petr Mrazek with a rebound.
10:56 of 2nd period - Slapshot by Dion Phaneuf.
10:56 of 2nd period - Deflect By Ronalds Kenins.
10:56 of 2nd period - Shot Misses the Net.
10:56 of 2nd period - Puck is out of play.
10:57 of 2nd period - Brandon Dubinsky wins face-off versus Logan Couture in Kings zone.
11:25 of 2nd period - Off-side.
11:26 of 2nd period - Boone Jenner wins face-off versus Auston Matthews in neutral zone.
11:52 of 2nd period - Karl Alzner is hit by Mitch Marner.
12:14 of 2nd period - Snap shot by Alexander Kerfoot.
12:14 of 2nd period - Stopped by Malcolm Subban without a rebound.
12:15 of 2nd period - Oscar Sundqvist wins face-off versus Alexander Kerfoot in Sharks zone.
12:42 of 2nd period - Slapshot by Drew Doughty.
12:42 of 2nd period - Stopped by Petr Mrazek without a rebound.
12:43 of 2nd period - Kyle Okposo wins face-off versus Brandon Dubinsky in Kings zone.
12:43 of 2nd period - Kyle Okposo is hit by Karl Alzner.
12:51 of 2nd period - Wrist shot by Mitch Marner.
12:51 of 2nd period - Shot Misses the Net.
13:19 of 2nd period - Slapshot by Zach Parise.
13:19 of 2nd period - Stopped by Petr Mrazek without a rebound.
13:20 of 2nd period - Boone Jenner wins face-off versus Logan Couture in Kings zone.
13:45 of 2nd period - Oscar Sundqvist is hit by Mikko Rantanen and loses puck.
14:14 of 2nd period - Zach Parise is hit by Mitch Marner and loses puck.
14:35 of 2nd period - Snap shot by Ronalds Kenins.
14:35 of 2nd period - Stopped by Petr Mrazek with a rebound.
14:37 of 2nd period - Wrist shot by Wayne Simmonds.
14:37 of 2nd period - Stopped by Petr Mrazek with a rebound.
14:53 of 2nd period - Mark Fistric is hit by Karl Alzner and loses puck.
15:32 of 2nd period - Snap shot by Brandon Dubinsky.
15:32 of 2nd period - Goal by Brandon Dubinsky - Kings : 2 - Sharks : 2.
15:33 of 2nd period - Logan Couture wins face-off versus Brandon Dubinsky in neutral zone.
15:41 of 2nd period - Off-side.
15:42 of 2nd period - Jason Pominville wins face-off versus Brandon Dubinsky in neutral zone.
15:53 of 2nd period - Snap shot by Brandon Dubinsky.
15:53 of 2nd period - Shot Hit the Post.
15:55 of 2nd period - Slapshot by Drew Doughty.
15:55 of 2nd period - Stopped by Petr Mrazek with a rebound.
15:57 of 2nd period - Snap shot by Zach Parise.
15:57 of 2nd period - Shot Misses the Net.
16:11 of 2nd period - Slapshot by Logan Couture.
16:11 of 2nd period - Goal by Logan Couture - Kings : 3 - Sharks : 2.
16:12 of 2nd period - Auston Matthews wins face-off versus Brandon Dubinsky in neutral zone.
16:48 of 2nd period - Slapshot by Drew Doughty.
16:48 of 2nd period - Deflect By Brandon Dubinsky.
16:48 of 2nd period - Shot Misses the Net.
16:48 of 2nd period - Puck is out of play.
16:49 of 2nd period - Boone Jenner wins face-off versus Kyle Okposo in Kings zone.
17:16 of 2nd period - Mikko Rantanen is hit by Oscar Sundqvist and loses puck.
17:27 of 2nd period - MacKenzie Weegar is hit by Mikko Rantanen and loses puck.
17:46 of 2nd period - Wrist shot by Kyle Clifford.
17:46 of 2nd period - Shot Misses the Net.
17:48 of 2nd period - Snap shot by Kyle Clifford.
17:48 of 2nd period - Stopped by Malcolm Subban without a rebound.
17:49 of 2nd period - Kyle Okposo wins face-off versus Brandon Dubinsky in Sharks zone.
17:56 of 2nd period - Wrist shot by Mitch Marner.
17:56 of 2nd period - Stopped by Malcolm Subban with a rebound.
17:58 of 2nd period - Slapshot by Ole-Kristian Tollefsen.
17:58 of 2nd period - Stopped by Malcolm Subban without a rebound.
17:59 of 2nd period - Brandon Dubinsky wins face-off versus Kyle Okposo in Sharks zone.
17:59 of 2nd period - Brandon Dubinsky is hit by Rasmus Ristolainen.
18:25 of 2nd period - Rasmus Ristolainen is hit by Zach Parise and loses puck.
18:43 of 2nd period - Snap shot by Rasmus Ristolainen.
18:43 of 2nd period - Shot Misses the Net.
18:55 of 2nd period - Wrist shot by Mitch Marner.
18:55 of 2nd period - Stopped by Malcolm Subban without a rebound.
18:56 of 2nd period - Boone Jenner wins face-off versus Alexander Kerfoot in Sharks zone.
19:27 of 2nd period - Snap shot by Loui Eriksson.
19:27 of 2nd period - Deflect By Gustav Nyquist.
19:27 of 2nd period - Shot Misses the Net.
19:27 of 2nd period - Puck is out of play.
19:28 of 2nd period - Brendan Gaunce wins face-off versus Auston Matthews in Kings zone.
19:29 of 2nd period - Snap shot by Loui Eriksson.
19:29 of 2nd period - Deflect By Gustav Nyquist.
19:29 of 2nd period - Stopped by Petr Mrazek without a rebound.
19:30 of 2nd period - Auston Matthews wins face-off versus Boone Jenner in Kings zone.
Goals for this period are 2 for Kings vs 1 for Sharks.
Shots for this period are 17 for Kings vs 13 for Sharks.
3rd period
0:01 of 3rd period - Brandon Dubinsky wins face-off versus Logan Couture in neutral zone.
0:38 of 3rd period - Wrist shot by Drew Doughty.
0:38 of 3rd period - Stopped by Petr Mrazek with a rebound.
1:15 of 3rd period - Minor Penalty to Kyle Okposo for Hooking.
1:16 of 3rd period - Ilya Kovalchuk wins face-off versus Zach Parise in Kings zone.
1:24 of 3rd period - Joe Pavelski is hit by Jeff Schultz.
1:42 of 3rd period - Ole-Kristian Tollefsen is hit by Ronalds Kenins and loses puck.
1:49 of 3rd period - Wrist shot by Boone Jenner.
1:49 of 3rd period - Goal by Boone Jenner - Kings : 3 - Sharks : 3.
1:50 of 3rd period - Brandon Dubinsky wins face-off versus Alexander Kerfoot in neutral zone.
1:52 of 3rd period - Off-side.
1:53 of 3rd period - Alexander Kerfoot wins face-off versus Brandon Dubinsky in neutral zone.
2:28 of 3rd period - Backhand shot by Drew Doughty.
2:28 of 3rd period - Stopped by Petr Mrazek without a rebound.
2:29 of 3rd period - Logan Couture wins face-off versus Boone Jenner in Kings zone.
2:38 of 3rd period - Snap shot by Ronalds Kenins.
2:38 of 3rd period - Stopped by Petr Mrazek with a rebound.
2:40 of 3rd period - Snap shot by Ronalds Kenins.
2:40 of 3rd period - Stopped by Petr Mrazek with a rebound.
2:42 of 3rd period - Snap shot by Wayne Simmonds.
2:42 of 3rd period - Deflect By Boone Jenner.
2:42 of 3rd period - Shot Misses the Net.
2:42 of 3rd period - Puck is out of play.
2:43 of 3rd period - Benoit Pouliot wins face-off versus Boone Jenner in Kings zone.
3:33 of 3rd period - Minor Penalty to Jason Pominville for Holding.
3:34 of 3rd period - Logan Couture wins face-off versus Brandon Dubinsky in Kings zone.
3:40 of 3rd period - Wrist shot by Logan Couture.
3:40 of 3rd period - Shot Misses the Net.
3:42 of 3rd period - Snap shot by Logan Couture.
3:42 of 3rd period - Stopped by Malcolm Subban with a rebound.
3:44 of 3rd period - Slapshot by Logan Couture.
3:44 of 3rd period - Shot Misses the Net.
4:04 of 3rd period - Ilya Kovalchuk is hit by Wayne Simmonds and loses puck.
5:33 of 3rd period - Penalty to Jason Pominville is over, Jason Pominville is back on ice.
5:41 of 3rd period - Benoit Pouliot is hit by Daniel Carcillo and loses puck.
6:08 of 3rd period - Snap shot by Gustav Nyquist.
6:08 of 3rd period - Shot Misses the Net.
6:42 of 3rd period - Snap shot by Conor Sheary.
6:42 of 3rd period - Stopped by Petr Mrazek without a rebound.
6:43 of 3rd period - Conor Sheary wins face-off versus Auston Matthews in Kings zone.
6:44 of 3rd period - Snap shot by Daniel Carcillo.
6:44 of 3rd period - Shot Blocked by Mark Fistric.
6:46 of 3rd period - Slapshot by Markus Nutivaara.
6:46 of 3rd period - Stopped by Petr Mrazek without a rebound.
6:47 of 3rd period - Kyle Okposo wins face-off versus Oscar Sundqvist in Kings zone.
6:47 of 3rd period - Kyle Okposo is hit by Markus Nutivaara.
7:33 of 3rd period - Slapshot by Markus Nutivaara.
7:33 of 3rd period - Deflect By Conor Sheary.
7:33 of 3rd period - Shot Misses the Net.
7:33 of 3rd period - Puck is out of play.
7:34 of 3rd period - Kyle Okposo wins face-off versus Zach Parise in Kings zone.
7:34 of 3rd period - Kyle Okposo is hit by Drew Doughty.
7:46 of 3rd period - Mitch Marner is hit by Zach Parise and loses puck.
8:01 of 3rd period - Rasmus Ristolainen is hit by Gustav Nyquist and loses puck.
8:11 of 3rd period - Rasmus Ristolainen is hit by Karl Alzner and loses puck.
8:14 of 3rd period - Minor Penalty to Dion Phaneuf for High sticking.
8:15 of 3rd period - Joe Pavelski wins face-off versus Auston Matthews in Sharks zone.
8:22 of 3rd period - Slapshot by Drew Doughty.
8:22 of 3rd period - Deflect By Joe Pavelski.
8:22 of 3rd period - Stopped by Petr Mrazek without a rebound.
8:23 of 3rd period - Brandon Dubinsky wins face-off versus Auston Matthews in Kings zone.
8:42 of 3rd period - Drew Doughty is hit by Kyle Clifford.
8:56 of 3rd period - Snap shot by Alexander Kerfoot.
8:56 of 3rd period - Deflect By Joe Pavelski.
8:56 of 3rd period - Shot Misses the Net.
8:56 of 3rd period - Puck is out of play.
8:57 of 3rd period - Alexander Kerfoot wins face-off versus Joe Pavelski in Sharks zone.
9:06 of 3rd period - Wrist shot by Mikko Rantanen.
9:06 of 3rd period - Shot Blocked by Joe Pavelski.
9:08 of 3rd period - Slapshot by Jeff Schultz.
9:08 of 3rd period - Stopped by Malcolm Subban without a rebound.
9:09 of 3rd period - Joe Pavelski wins face-off versus Alexander Kerfoot in Sharks zone.
9:41 of 3rd period - Snap shot by Kyle Clifford.
9:41 of 3rd period - Shot Blocked by Zach Parise.
9:43 of 3rd period - Slapshot by Kyle Okposo.
9:43 of 3rd period - Shot Misses the Net.
9:45 of 3rd period - Slapshot by Kyle Okposo.
9:45 of 3rd period - Deflect By Mitch Marner.
9:45 of 3rd period - Stopped by Malcolm Subban with a rebound.
10:14 of 3rd period - Penalty to Dion Phaneuf is over, Dion Phaneuf is back on ice.
10:19 of 3rd period - Slapshot by Daniel Carcillo.
10:19 of 3rd period - Deflect By Mikko Rantanen.
10:19 of 3rd period - Stopped by Petr Mrazek with a rebound.
10:40 of 3rd period - Icing by Daniel Carcillo.
10:41 of 3rd period - Loui Eriksson wins face-off versus Auston Matthews in Sharks zone.
10:41 of 3rd period - Loui Eriksson is hit by Auston Matthews.
11:29 of 3rd period - Minor Penalty to Kyle Clifford for Interference.
11:30 of 3rd period - Logan Couture wins face-off versus Joe Pavelski in Kings zone.
11:41 of 3rd period - Slapshot by Drew Doughty.
11:41 of 3rd period - Goal by Drew Doughty - Kings : 3 - Sharks : 4.
11:42 of 3rd period - Boone Jenner wins face-off versus Alexander Kerfoot in neutral zone.
11:49 of 3rd period - Snap shot by Alexander Kerfoot.
11:49 of 3rd period - Stopped by Malcolm Subban with a rebound.
11:57 of 3rd period - Wrist shot by Mikko Rantanen.
11:57 of 3rd period - Shot Misses the Net.
12:07 of 3rd period - Boone Jenner is hit by Logan Couture and loses puck.
12:37 of 3rd period - Icing by Jeff Schultz.
12:38 of 3rd period - Kyle Okposo wins face-off versus Brandon Dubinsky in Kings zone.
13:06 of 3rd period - Off-side.
13:07 of 3rd period - Alexander Kerfoot wins face-off versus Oscar Sundqvist in neutral zone.
13:32 of 3rd period - Ilya Kovalchuk is hit by Zach Parise and loses puck.
13:43 of 3rd period - Wrist shot by Ilya Kovalchuk.
13:43 of 3rd period - Goal by Ilya Kovalchuk - Kings : 4 - Sharks : 4.
13:44 of 3rd period - Alexander Kerfoot wins face-off versus Boone Jenner in neutral zone.
14:58 of 3rd period - Wayne Simmonds is hit by Jake McCabe and loses puck.
15:33 of 3rd period - Markus Nutivaara is hit by Logan Couture and loses puck.
15:44 of 3rd period - Wrist shot by Brandon Dubinsky.
15:44 of 3rd period - Shot Misses the Net.
16:20 of 3rd period - Snap shot by Benoit Pouliot.
16:20 of 3rd period - Shot Misses the Net.
16:22 of 3rd period - Snap shot by Ole-Kristian Tollefsen.
16:22 of 3rd period - Stopped by Malcolm Subban without a rebound.
16:23 of 3rd period - Auston Matthews wins face-off versus Brandon Dubinsky in Sharks zone.
16:47 of 3rd period - Brandon Dubinsky is hit by Auston Matthews and loses puck.
16:54 of 3rd period - Benoit Pouliot is hit by Karl Alzner and loses puck.
17:01 of 3rd period - Karl Alzner is hit by Ilya Kovalchuk and loses puck.
17:10 of 3rd period - Backhand shot by Rasmus Ristolainen.
17:10 of 3rd period - Stopped by Malcolm Subban without a rebound.
17:11 of 3rd period - Jujhar Khaira wins face-off versus Oscar Sundqvist in Sharks zone.
17:36 of 3rd period - Mark Fistric is hit by Drew Doughty and loses puck.
18:02 of 3rd period - Dion Phaneuf is hit by Auston Matthews and loses puck.
18:27 of 3rd period - Markus Nutivaara is hit by Mikko Rantanen and loses puck.
18:46 of 3rd period - Wrist shot by Mitch Marner.
18:46 of 3rd period - Shot Misses the Net.
18:48 of 3rd period - Slapshot by Mark Fistric.
18:48 of 3rd period - Goal by Mark Fistric - Kings : 5 - Sharks : 4.
18:49 of 3rd period - Brandon Dubinsky wins face-off versus Kyle Clifford in neutral zone.
18:56 of 3rd period - Sharks, Malcolm Subban is pulled from the net.
19:00 of 3rd period - Snap shot by Zach Parise.
19:00 of 3rd period - Shot Blocked by Kyle Clifford.
Goals for this period are 2 for Kings vs 2 for Sharks.
Shots for this period are 8 for Kings vs 10 for Sharks.